[Event "Early-Titled-Tuesday-Blitz-March-05-2024"]
[Site "Chess.com"]
[Date "2024.03.05"]
[Round "3"]
[White "Ajedrez_con_German"]
[Black "tylityli"]
[Result "0-1"]
[WhiteElo "2574"]
[BlackElo "2314"]
[TimeControl "180+1"]
[EndTime "8:32:28 PST"]
[Termination "tylityli won on time"]

1. Nf3 Nf6 2. b3 b5 3. g3 Bb7 4.
Bg2 e6 5. O-O Be7 6. Bb2 O-O 7. d4 d6 8. Nbd2 b4 9. a3 a5 10. axb4 axb4 11. Rxa8 Bxa8 12. e3 c5 13. Ne1 Bxg2 14. Kxg2 Qb6 15. Nd3 Nbd7 16. Qf3 d5 17. Ra1 Qb5 18. dxc5 Nxc5 19. Qe2 Rc8 20. Ra7 Kf8 21.
Nf3 Qb6 22. Ra2 Nce4 23. Nde5 Bc5 24. Ra6 Qb7 25. Ra4 h6 26. h3 Kg8 27. Qa6 Qxa6 28. Rxa6 Bf8 29. Ne1 Be7 30. Ra7 Kf8 31.
Bd4 Nd6 32. Nd7+ Nxd7 33. Rxd7 Nf5 34. Rb7 Nxd4 35. exd4 Bd6 36. Kf1 Rc7 37. Rxc7 Bxc7 38. Nd3 Bd6 39. Ke2 Ke7 40. f4 f6 41. Ne1 Kd7 42. Kd3 Kc6 43. Nf3 Kb5 44. Nh4 g5 45. Ng2 h5 46. h4 g4 47. Ne3 f5 48. Nd1 Be7 49. Nb2 Bd6 50. Kd2 Be7 51. Nd3 Bd6 52.
Ke3 Kb6 53. Ke2 Kb5 54. Kd2 Kb6 55. c3 bxc3+ 56. Kxc3 Kb5 57. Kc2 Kb6 58. b4 Kb5 59.
Kb3 Be7 60. Ne5 Bxb4 61. Ng6 Bd6 0-1

[Event "Early-Titled-Tuesday-Blitz-March-05-2024"]
[Site "Chess.com"]
[Date "2024.03.05"]
[Round "3"]
[White "Yeritsyaan"]
[Black "epiclord678"]
[Result "1/2-1/2"]
[WhiteElo "2581"]
[BlackElo "2428"]
[TimeControl "180+1"]
[EndTime "8:32:31 PST"]
[Termination "Game drawn - insufficient material"]

1. c4 Nf6 2. Nc3 g6 3. e4 d6 4. d3 Bg7 5. g3 c5 6. Bg2 O-O 7. Nge2 Nc6 8. O-O a6 9. h3 Rb8 10. a4 Ne8 11. Be3 Nc7 12. f4 b5 13. b3 b4 14. Nd5 Bxa1 15. Qxa1 Nxd5 16. cxd5 Na5 17. Qb2 f6 18. g4 Bd7 19. Ng3 Qe8 20. Ra1 e6 21. dxe6 Bxe6 22. f5 Bxb3 23. h4 c4 24.
dxc4 Bxc4 25. Rd1 Qe5 26. Qf2 b3 27. Bf4 Qc5 28. Be3 Qc7 29. Qb2 Qe7 30. fxg6 hxg6 31.
h5 Bf7 32. Bd4 Nc4 33. Qc3 Ne5 34. hxg6 Bxg6 35. Nf5 Bxf5 36. exf5 b2 37. Rb1 Rfc8 38. Qe3 Kg7 39. Qf4 Rc2 40. Be3 Nf7 41. Be4 Qe5 42. Qxe5 Rc1+ 43. Bxc1 bxc1=Q+ 44. Rxc1 Nxe5 45. Rc7+ Kh6 46. Ra7 Nxg4 47. Rxa6 Rd8 48. Rc6 d5 49. Bd3 Kg5 50. a5 Ne5 51. Rc3 Nxd3 52. Rxd3 Rd6 53.
Rf3 d4 54. Kf2 Ra6 55. Ra3 Kxf5 56. Kf3 Ke5 57. Ra1 f5 58. Ke2 Ke4 59. Kd2 f4 60.
Re1+ Kd5 61. Rh1 Kc4 62. Ra1 Kb5 63. Kd3 Rxa5 64. Rxa5+ Kxa5 65. Kxd4 f3 66. Ke3 f2 67. Kxf2 1/2-1/2

[Event "Early-Titled-Tuesday-Blitz-March-05-2024"]
[Site "Chess.com"]
[Date "2024.03.05"]
[Round "3"]
[White "Msb2"]
[Black "mr_gustavo"]
[Result "1/2-1/2"]
[WhiteElo "3031"]
[BlackElo "2739"]
[TimeControl "180+1"]
[EndTime "8:32:32 PST"]
[Termination "Game drawn - insufficient material"]

1. d4 Nf6 2. c4 g6 3. Nc3 Bg7 4. e4 d6 5. Nf3 O-O 6. Be2 e5 7. Be3 Ng4 8. Bg5 f6 9. Bh4 Nc6 10. d5 Ne7 11. Nd2 Nh6 12. f3 g5 13. Bf2 f5 14. c5 g4 15. Nc4 gxf3 16. Bxf3 fxe4 17. Nxe4 Nhf5 18. cxd6 cxd6 19. O-O b5 20.
Ne3 Nd4 21. Bg4 Bb7 22. Bh4 Rxf1+ 23. Qxf1 Qb6 24. Bxe7 Nc2 25. Be6+ Kh8 26. Ng5 Qxe3+ 27. Kh1 Nxa1 28. Nf7+ Kg8 29. Nxd6+ Kh8 30. Nf7+ Kg8 31. Nd6+ Kh8 32. Nxb7 Nc2 33. Nd6 Nd4 34. Bg5 Qe2 35. Nf7+ Kg8 36. Nh6+ Kh8 37. Qxe2 Nxe2 38. d6 Nd4 39.
Bd5 Bxh6 40. Bf6+ Bg7 41. Bxg7+ Kxg7 42. Bxa8 Kf6 43. Bd5 Nf5 44. Be4 Nxd6 45. Bxh7 e4 46. Kg1 Kg7 47. Bxe4 Nxe4 48. Kf1 Kf6 49. Ke2 Ke5 50.
Ke3 a5 51. g4 Nf6 52. Kf3 b4 53. h4 a4 54. g5 Nd5 55. h5 Kf5 56. g6 a3 57. g7 Nf6 58. b3 Kg5 59. Ke3 Kxh5 60. Kd4 Kg6 61. Kc4 Kxg7 62. Kxb4 Kf7 63. Kxa3 Ke7 64.
Kb4 Kd7 65. a4 Kc7 66. Ka5 Kb7 67. b4 Nd5 68. b5 Ka7 69. b6+ Nxb6 70. Kb5 Nxa4 1/2-1/2

[Event "Early-Titled-Tuesday-Blitz-March-05-2024"]
[Site "Chess.com"]
[Date "2024.03.05"]
[Round "3"]
[White "Kunalm64"]
[Black "TigrVShlyape"]
[Result "1/2-1/2"]
[WhiteElo "2607"]
[BlackElo "2865"]
[TimeControl "180+1"]
[EndTime "8:32:32 PST"]
[Termination "Game drawn by repetition"]

1. e4 c5 2. Nf3 e6 3. g3 a6 4. Bg2 b5 5. O-O Bb7 6. Re1 Nc6 7. d4 cxd4 8. Nxd4 Nxd4 9. Qxd4 Rc8 10. c3 Ne7 11.
Bg5 f6 12. Be3 Nc6 13. Qd2 Ne5 14. Qe2 Nc4 15. Bc1 Bc5 16. Nd2 Nxd2 17. Bxd2 O-O 18. Be3 Qb6 19. Bxc5 Qxc5 20. Rad1 Rc7 21. a3 f5 22.
exf5 Bxg2 23. Kxg2 Rxf5 24. f4 Rd5 25. Rxd5 Qxd5+ 26. Qf3 Qxf3+ 27. Kxf3 Kf7 28. Re4 Kf6 29. Ke3 h6 30. h4 h5 31. Re5 g6 32. Re4 d5 33.
Rb4 Kf5 34. Kf3 Rc5 35. a4 bxa4 36. Rxa4 a5 37. Ke3 Rb5 38. b4 axb4 39. Rxb4 Rc5 40.
Rb3 Kg4 41. Kf2 Rc6 42. Kg2 Ra6 43. Rb2 Ra3 44. Rc2 Rb3 45. Kf2 Rb1 46. Re2 Kf5 47. Re5+ Kf6 48. Ke3 Rg1 49. Rg5 Re1+ 50. Kd2 Ra1 51.
Kd3 Ra4 52. Kd2 Ra2+ 53. Kd3 Rg2 54. Ke3 Rg1 55. Kd3 Rg2 56. c4 dxc4+ 57. Kxc4 Rg1 58. Kd3 Rg2 59. Ke4 Rg1 60. Kf3 Rf1+ 61. Kg2 Rd1 62. Re5 Rd5 63. Re3 Kf5 64. Kf3 Rc5 65. Ra3 e5 66.
fxe5 Rxe5 67. Ra4 Rc5 68. Rf4+ Ke5 69. Kg2 Ke6 70. Kh3 Rf5 71. Re4+ Re5 72. Rf4 Rf5 73. Re4+ Re5 74. Rf4 Rf5 1/2-1/2

[Event "Early-Titled-Tuesday-Blitz-March-05-2024"]
[Site "Chess.com"]
[Date "2024.03.05"]
[Round "3"]
[White "RamyresCoelho"]
[Black "VinzentSpitzl"]
[Result "1/2-1/2"]
[WhiteElo "2288"]
[BlackElo "2534"]
[TimeControl "180+1"]
[EndTime "8:32:32 PST"]
[Termination "Game drawn by repetition"]

1. e4 c5 2. Nf3 d6 3. d4 cxd4 4. Nxd4 Nf6 5. Nc3 a6 6. f3 e5 7. Nb3 Be7 8. Be3 Be6 9. Qd2 h5 10. O-O-O Nbd7 11. Kb1 Rc8 12. h3 h4 13. f4 exf4 14.
Bxf4 Ne5 15. Nd4 b5 16. Nxe6 fxe6 17. Bxe5 dxe5 18. Qg5 Qc7 19. Qg6+ Kf8 20. Bd3 Rh6 21. Qg5 Nxe4 22. Rhf1+ Kg8 23. Qe3 Nxc3+ 24. bxc3 Qxc3 25. Rf3 Qb4+ 26. Kc1 Bc5 27. Qe4 Bd4 28. Rdf1 Bb2+ 29. Kd1 Qxe4 30. Bxe4 Rd8+ 31. Ke2 b4 32. Rf7 Bc3 33. Rb7 Rd2+ 34. Ke3 Rf6 35. Rb8+ Kf7 36. Rb7+ Kf8 37. Rb8+ Ke7 38. Rb7+ Rd7 39. Rxd7+ Kxd7 40. Rd1+ Bd4+ 41. Kd3 a5 42. Kc4 Rf4 43. Bf3 Kc7 44. Kb5 Bc3 45. Bc6 e4 46. Rd7+ Kc8 47. Kb6 e3 48.
Re7 Rf8 49. Rc7+ Kb8 50. Rb7+ Kc8 51. Rc7+ Kd8 52. Rd7+ Ke8 53. Rxg7+ Kd8 54. Rd7+ Kc8 55. Rc7+ Kd8 56. Rd7+ Kc8 57. Rc7+ Kd8 58. Rd7+ 1/2-1/2

[Event "Early-Titled-Tuesday-Blitz-March-05-2024"]
[Site "Chess.com"]
[Date "2024.03.05"]
[Round "3"]
[White "Quattroporte300"]
[Black "javirec"]
[Result "0-1"]
[WhiteElo "2453"]
[BlackElo "2266"]
[TimeControl "180+1"]
[EndTime "8:32:32 PST"]
[Termination "javirec won on time"]

1. e4 c5 2. c3 Nf6 3. e5 Nd5 4. d4 cxd4 5. Nf3 Nc6 6. Bc4 Nb6 7. Bb3 d6 8. exd6 Qxd6 9. cxd4 e6 10. O-O Be7 11.
Nc3 O-O 12. Be3 a6 13. Qe2 Qd8 14. Rfd1 Nb4 15. Rac1 N4d5 16. Ne4 Bd7 17. Nc5 Bb5 18. Qe1 Rc8 19. Nxb7 Qd7 20. Nc5 Qa7 21. Ne5 Rfe8 22.
Qa5 Bf8 23. h3 Rc7 24. a4 Be2 25. Rd2 Bh5 26. Rdc2 Rec8 27. Qxa6 Qb8 28. Qb5 f6 29. Ned3 Be8 30. Qa5 Ra7 31. Na6 Qb7 32. Rxc8 Nxc8 33.
Nac5 Qb8 34. Qd2 Nce7 35. Bd1 Bf7 36. b4 Nf5 37. a5 Nd6 38. Bb3 Qb5 39. Bxd5 exd5 40.
Qe2 Nc4 41. Rb1 Bg6 42. Rb2 Bd6 43. Ra2 Re7 44. Qg4 Nxe3 45. fxe3 Rxe3 46. Qc8+ Re8 47.
Qb7 Bxd3 48. Qxd5+ Kh8 49. Qxd6 Qc4 50. Rf2 h5 51. a6 Qc1+ 52. Kh2 Re1 53. Qf4 Rh1+ 54. Kg3 h4+ 55. Kg4 Qd1+ 56. Qf3 Qc1 57. Qf4 Qd1+ 58.
Rf3 Qe2 59. Kxh4 g5+ 60. Kh5 gxf4 61. a7 Ra1 62. Kh6 Rxa7 0-1

[Event "Early-Titled-Tuesday-Blitz-March-05-2024"]
[Site "Chess.com"]
[Date "2024.03.05"]
[Round "3"]
[White "verrbaa"]
[Black "francyIM"]
[Result "0-1"]
[WhiteElo "2507"]
[BlackElo "2764"]
[TimeControl "180+1"]
[EndTime "8:32:33 PST"]
[Termination "francyIM won on time"]

1. e4 e5 2. Nf3 Nc6 3. Bb5 a6 4.
Ba4 d6 5. c3 Nf6 6. d3 g6 7.
O-O Bg7 8. Re1 O-O 9. Bg5 h6 10.
Bh4 Bd7 11. Nbd2 Qe8 12. Bb3 Kh8 13. d4 Nh7 14. Nc4 exd4 15. cxd4 Bg4 16. e5 Bxf3 17. Qxf3 Nxd4 18. Qxb7 dxe5 19. Bg3 f6 20. Qxc7 Qb8 21. Qe7 Nxb3 22. axb3 Qxb3 23. Nd6 Ng5 24. h4 Nf7 25. Ne4 f5 26. Nc5 Qb5 27. h5 Rae8 28. Qa7 Ra8 29. Qe7 gxh5 30. Bh4 Rae8 31. Qa7 Ra8 32. Qe7 Kg8 33. Nd7 Rfe8 34. Nf6+ Bxf6 35. Qxf6 Qd7 36. Qg6+ Kf8 37. Bf6 Nd6 38. Qxh6+ Kg8 39. Qg6+ Kf8 40.
Qxh5 Qf7 41. Qh8+ Qg8 42. Qh6+ Kf7 43. Bxe5 Re6 44. Qh5+ Qg6 45. Qxg6+ Kxg6 46. Bf4 Ne4 47. f3 Nc5 48. Red1 Nb3 49. Ra3 Rb6 50. Rd3 Nc5 51.
Rd6+ Rxd6 52. Bxd6 Ne6 53. b4 Kf6 54. Bc5 Ke5 55.
Bb6 Kd5 56. Kf2 Kc6 57. Ba5 Kb5 58. Re3 Nd4 59. Re5+ Kc4 0-1

[Event "Early-Titled-Tuesday-Blitz-March-05-2024"]
[Site "Chess.com"]
[Date "2024.03.05"]
[Round "3"]
[White "ChessboArt"]
[Black "ccccvhhhj"]
[Result "0-1"]
[WhiteElo "2270"]
[BlackElo "2493"]
[TimeControl "180+1"]
[EndTime "8:32:33 PST"]
[Termination "ccccvhhhj won by checkmate"]

1. Nf3 e6 2. g3 f5 3. b3 Nf6 4.
Bb2 d6 5. Bg2 e5 6. d3 Be7 7.
O-O O-O 8. c4 Nc6 9. Nc3 Qe8 10.
Rb1 Qh5 11. Re1 f4 12. b4 fxg3 13. hxg3 Bh3 14. Bh1 Ng4 15. Ne4 Nh6 16. b5 Nd8 17. c5 Bf5 18. cxd6 cxd6 19. Qb3+ Be6 20. Qa4 Ng4 21.
Bg2 d5 22. Ned2 Nf7 23. Nf1 Bc5 24. d4 Bb6 25. Rbc1 e4 26. N3h2 Nfh6 27. f3 Nxh2 28. Nxh2 Qg5 29. Nf1 Nf5 30. f4 Qg6 31. Kh2 Qh6+ 32.
Kg1 Qf6 33. e3 Qg6 34. Kf2 Nh6 35. Nh2 Nf5 36. Nf1 h5 37. Ba3 Rfc8 38. Rxc8+ Rxc8 39. Rc1 Rxc1 40. Bxc1 h4 41. gxh4 Qg4 42. Qc2 Qxh4+ 43. Kg1 Bd7 44. Qe2 Qf6 45. a4 Nxd4 46. exd4 Bxd4+ 47.
Be3 Bc3 48. Bc5 b6 49. Be3 Bf5 50. Qf2 d4 51. Bc1 e3 52. Nxe3 dxe3 53. Bxe3 Qg6 54. Kh2 Qh5+ 55. Kg1 Qd1+ 56. Kh2 Qh5+ 57. Kg1 Bf6 58.
Qg3 Qf7 59. Bf3 Qb3 60. Bf2 Qb1+ 61. Kg2 Qa2 62. Bg4 Be4+ 63. Kh2 Qa1 64. Be6+ Kf8 65.
Qh3 Qh1+ 66. Kg3 Qf3+ 67. Kh2 Qxf2+ 68. Qg2 Qxg2# 0-1

[Event "Early-Titled-Tuesday-Blitz-March-05-2024"]
[Site "Chess.com"]
[Date "2024.03.05"]
[Round "3"]
[White "Viacheslav92"]
[Black "Veganator13"]
[Result "1-0"]
[WhiteElo "2548"]
[BlackElo "2308"]
[TimeControl "180+1"]
[EndTime "8:32:34 PST"]
[Termination "Viacheslav92 won on time"]

1. d4 g6 2. c4 Bg7 3. Nc3 c5 4. d5 d6 5. e4 Nf6 6. f4 O-O 7.
Nf3 e6 8. Bd3 exd5 9. cxd5 Bg4 10. O-O Re8 11. h3 Bxf3 12. Qxf3 Nbd7 13. a4 a6 14. Kh2 Qa5 15. Bd2 Qb4 16. Ra3 c4 17.
Bc2 Qxb2 18. Ra2 Qb6 19. Rb1 Qc7 20. Be3 Nc5 21. Bxc5 Qxc5 22. Rxb7 Rab8 23. Rab2 Rxb7 24. Rxb7 Nh5 25. Ne2 Qc8 26. Rb6 Rd8 27. Rc6 Qb7 28. Rxc4 Rc8 29. Qb3 Qd7 30. Rxc8+ Qxc8 31. Bd3 h6 32.
Qc4 Qb8 33. Qxa6 g5 34. Qb5 Qd8 35. e5 dxe5 36. f5 e4 37. Bxe4 Be5+ 38. g3 Nf6 39.
Qd3 Qb6 40. Bg2 h5 41. a5 Qxa5 42. d6 Qd8 43. Qe3 Qxd6 44. Qxg5+ Kf8 45. Nf4 Bxf4 46.
gxf4 Qd4 47. Qg3 Ke7 48. Qg5 Kf8 49. Qg3 Ke7 50. Qh4 Kf8 51. Qg5 Ke7 52. Kh1 Qa1+ 53. Kh2 Qd4 54. Qh4 Kf8 55. Bf3 Qb2+ 56. Kg1 Qa1+ 57.
Kg2 Qb2+ 58. Qf2 Qb6 59. Qxb6 1-0

[Event "Early-Titled-Tuesday-Blitz-March-05-2024"]
[Site "Chess.com"]
[Date "2024.03.05"]
[Round "3"]
[White "campochess"]
[Black "chess_blitz00"]
[Result "0-1"]
[WhiteElo "2224"]
[BlackElo "2532"]
[TimeControl "180+1"]
[EndTime "8:32:35 PST"]
[Termination "chess_blitz00 won on time"]

1. Nf3 c5 2. b3 Nc6 3. Bb2 d5 4. e3 Nf6 5. Bb5 e6 6. Ne5 Bd7 7.
Bxc6 Bxc6 8. Nxc6 bxc6 9. Nc3 Bd6 10. Ne2 e5 11. Ng3 Qd7 12. O-O h5 13. f4 e4 14.
Bxf6 gxf6 15. Nxh5 O-O-O 16. h3 Be7 17. Ng3 Rdg8 18.
Qe1 f5 19. Nh1 Bh4 20. Qe2 Qe6 21. Kh2 Qg6 22. Rg1 Kb7 23. g4 Bf6 24. g5 Bxa1 25.
Rxa1 f6 26. Rg1 fxg5 27. Rxg5 Qh6 28. Qg2 Rxg5 29. fxg5 Qg6 30. Qg3 Rh5 31. h4 Qh7 32.
Kh3 Qg6 33. Qf4 Rh8 34. Ng3 Rf8 35. h5 Qe6 36. g6 Rh8 37. Qg5 f4+ 38. Nf5 f3 39.
Kg3 Rf8 40. Qe7+ Qxe7 41. Nxe7 f2 42. g7 f1=Q 43. gxf8=Q Qxf8 44. Ng6 Qh6 45. Kg4 d4 46. exd4 cxd4 47. Nf4 e3 48. dxe3 dxe3 49. Kf3 e2 50. Nxe2 Qxh5+ 51. Ke3 Qe5+ 52. Kd3 Qb5+ 53. c4 Qf5+ 54. Kd2 Qb1 55. Nc3 Qb2+ 56. Kd3 a5 57. c5 Qa3 58. Kc2 Qxc5 59. Kb2 Qd4 60. Kc2 c5 61. a3 Kc6 62. a4 Qf2+ 63. Kd3 Qf3+ 0-1

[Event "Early-Titled-Tuesday-Blitz-March-05-2024"]
[Site "Chess.com"]
[Date "2024.03.05"]
[Round "3"]
[White "Orest_Vovk"]
[Black "Pasmendjambvirgulptipon98"]
[Result "1-0"]
[WhiteElo "2563"]
[BlackElo "2338"]
[TimeControl "180+1"]
[EndTime "8:32:39 PST"]
[Termination "Orest_Vovk won by resignation"]

1. e4 d6 2. Nf3 Nf6 3. Nc3 Nbd7 4. d4 e5 5. dxe5 dxe5 6. Bc4 Be7 7. O-O O-O 8. Be3 c6 9. h3 Qc7 10. Qd2 Bc5 11.
Rad1 Bxe3 12. Qxe3 Nb6 13. Bb3 a5 14. a3 a4 15. Ba2 Re8 16. Qc5 Be6 17. Bxe6 Rxe6 18. Nb5 Qe7 19. Qxb6 cxb5 20. Qxb5 Nxe4 21. Rd7 Qe8 22.
Qxb7 Nc5 23. Qxa8 Qxa8 24. Rc7 Rc6 25. Re7 e4 26. Nd4 Rg6 27. Rd1 h6 28. Nf5 Ne6 29. Nd6 Nf8 30. Nxe4 Re6 31. Rxe6 Nxe6 32. Nc3 Nf4 33.
f3 Kh7 34. Rd4 Qa7 35. Nb5 Ne2+ 36. Kf2 Qxd4+ 37. Nxd4 Nxd4 38. c4 Nb3 39. Ke3 Kg6 40. Ke4 Kf6 41. Kd5 Ke7 42. Kc6 Ke6 43. Kb5 Kd7 44.
Kxa4 Nd4 45. Kb4 Ne2 46. a4 Nf4 47. g4 Nxh3 48. a5 Ng5 49. Kb5 Kc7 50. f4 Nf3 51.
b4 g6 52. a6 h5 53. gxh5 gxh5 54. Kc5 Nd2 55. b5 Ne4+ 56. Kd4 f5 57. c5 h4 58. b6+ Kc6 59. a7 Kb7 60. c6+ Kxb6 61. a8=Q h3 62.
Qb7+ Ka5 63. Qh7 h2 64. Qxh2 1-0

[Event "Early-Titled-Tuesday-Blitz-March-05-2024"]
[Site "Chess.com"]
[Date "2024.03.05"]
[Round "3"]
[White "1mbl4"]
[Black "Cambek64"]
[Result "1/2-1/2"]
[WhiteElo "2600"]
[BlackElo "2442"]
[TimeControl "180+1"]
[EndTime "8:32:41 PST"]
[Termination "Game drawn - insufficient material"]

1. b3 b6 2. Bb2 Bb7 3. Nf3 Nf6 4. g3 g6 5. Bg2 Bg7 6. O-O O-O 7. c4 c5 8. d3 d6 9. Nbd2 Nbd7 10. Qc2 Qc7 11. d4 cxd4 12. Nxd4 Bxg2 13. Kxg2 a6 14. Rac1 Rfc8 15.
Qb1 Qb7+ 16. e4 b5 17. cxb5 axb5 18. f3 Nc5 19. Rfd1 d5 20. e5 Nfd7 21. f4 e6 22. N4f3 b4 23. Bd4 Qa6 24. Rc2 Qe2+ 25. Kg1 Nd3 26. Ne1 Rxc2 27. Nxc2 f6 28. exf6 Bxf6 29.
Nf1 Bxd4+ 30. Nxd4 Qf2+ 31. Kh1 Qxd4 32. Rxd3 Qe4+ 33. Kg1 Rxa2 34. Qxa2 Qxd3 35. Qa8+ Nf8 36. Qa4 Qc3 37. Kf2 d4 38. Qa2 h5 39. Nd2 Qe3+ 40.
Kf1 d3 41. Qb2 Qe2+ 42. Kg1 h4 43. gxh4 Qg4+ 44. Kh1 Qxf4 45. Qc1 Qxh4 46. Qf1 Qg5 47. Qxd3 Qd5+ 48. Qxd5 exd5 49. Nf3 Ne6 50. Ne5 Nc5 51. Nc6 Na6 52. Ne7+ Kf7 53. Nxd5 Ke6 54. Nf4+ Kf5 55. Ne2 Ke4 56. Kg2 g5 57. Kg3 Kd3 58. Kf3 Nc5 59. Nc1+ Kc2 60. Na2 Kxb3 61. Nxb4 Kxb4 62. Kg4 Ne6 63. h4 gxh4 64. Kxh4 1/2-1/2

[Event "Early-Titled-Tuesday-Blitz-March-05-2024"]
[Site "Chess.com"]
[Date "2024.03.05"]
[Round "3"]
[White "ckgchess"]
[Black "Martial2008"]
[Result "1-0"]
[WhiteElo "2904"]
[BlackElo "2658"]
[TimeControl "180+1"]
[EndTime "8:32:42 PST"]
[Termination "ckgchess won by checkmate"]

1. e4 e5 2. Nf3 Nc6 3. Bc4 Nf6 4. Ng5 d5 5. exd5 Na5 6. Bb5+ c6 7. dxc6 bxc6 8.
Bd3 Nd5 9. Nf3 Bd6 10. O-O Nf4 11. Re1 Nxd3 12. cxd3 O-O 13. b3 f6 14. Nc3 Nb7 15. Ne4 Nc5 16. Nxc5 Bxc5 17. Qc2 Qd6 18. d4 Bxd4 19.
Nxd4 Qxd4 20. Bb2 Qd5 21. Rac1 Bb7 22. f3 Rad8 23. Red1 Qd3 24. Qxd3 Rxd3 25. Rc4 Rfd8 26. Bc3 R8d5 27. Re1 Kf7 28. Ra4 a6 29. Rb4 Rb5 30. Rh4 h6 31. Rc4 Rbd5 32. h3 c5 33. Ra4 g5 34. Kf2 h5 35. h4 g4 36. fxg4 R5d4 37. Bxd4 cxd4 38. gxh5 Rxd2+ 39. Re2 Rd1 40. Rb4 Bc6 41.
Rb6 Bb5 42. Rc2 Kg7 43. g4 Rf1+ 44. Kg3 d3 45. Rc7+ Kh6 46. Rd6 Rf4 47. a4 Rd4 48.
Rxd4 exd4 49. Rc1 Bc6 50. Kf4 Bd5 51. Rd1 Bxb3 52. Rxd3 Bxa4 53. Rxd4 Bb5 54. Rd6 Kg7 55. h6+ Kg6 56. g5 Kh5 57. Rxf6 Bd3 58. Rb6 a5 59.
Rd6 Bh7 60. Ra6 a4 61. Rxa4 Bf5 62. Ra7 Bg6 63. h7 Bxh7 64. Rxh7+ Kg6 65. Rh6+ Kg7 66.
Kf5 Kg8 67. Ra6 Kg7 68. h5 Kf8 69. Rb6 Kg8 70. Rc6 Kh8 71. Rd6 Kh7 72. Re6 Kg8 73.
Rf6 Kg7 74. h6+ Kg8 75. Kg6 Kh8 76. Rf8# 1-0

[Event "Early-Titled-Tuesday-Blitz-March-05-2024"]
[Site "Chess.com"]
[Date "2024.03.05"]
[Round "3"]
[White "cristianserban1"]
[Black "TimGrutter03"]
[Result "1-0"]
[WhiteElo "2474"]
[BlackElo "2612"]
[TimeControl "180+1"]
[EndTime "8:32:42 PST"]
[Termination "cristianserban1 won by checkmate"]

1. Nf3 c5 2. b3 Nf6 3. Bb2 b6 4. g3 Bb7 5. Bg2 g6 6. O-O Bg7 7. c4 O-O 8. e3 d5 9. cxd5 Bxd5 10. Nc3 Bb7 11. d4 cxd4 12. Nxd4 Bxg2 13. Kxg2 Nd5 14.
Qf3 e6 15. Nxd5 Qxd5 16. Qxd5 exd5 17. Rfd1 Na6 18. Rd2 Nc5 19. Rad1 Ne4 20. Rd3 Nc5 21. R3d2 Ne4 22. Rc2 Rfc8 23. Rdc1 Rxc2 24. Rxc2 Nc5 25. Nc6 Bxb2 26. Rxb2 Kf8 27. Rd2 Ne4 28. Rxd5 Rc8 29.
Rd8+ Rxd8 30. Nxd8 a5 31. Nc6 Ke8 32. f3 Nc3 33. a4 f6 34. Kf2 Kd7 35. Nd4 f5 36. Ke1 Nd5 37. Kd2 Kd6 38. Nc2 Kc5 39. Kd3 Ne7 40.
e4 fxe4+ 41. fxe4 Nc6 42. Ke3 g5 43. h4 h6 44. hxg5 hxg5 45. Kd3 Ne5+ 46. Kc3 Nf3 47. Ne3 Nd4 48. g4 Ne2+ 49. Kd3 Nc1+ 50. Kc2 Ne2 51. e5 Nf4 52. Kc3 Ne6 53. Kd3 Nf4+ 54. Ke4 Kb4 55.
Nd5+ Kxb3 56. Nxf4 Kb4 57. e6 Kxa4 58. e7 b5 59. e8=Q Ka3 60. Qxb5 a4 61. Ne6 Ka2 62. Qxa4+ Kb2 63. Qb5+ Kc3 64. Qxg5 Kc2 65. Qd5 Kc3 66.
Qd3+ Kb4 67. Nd4 Kc5 68. g5 Kd6 69. g6 Kc5 70. Ne6+ Kc6 71. g7 Kb6 72. g8=Q Kc6 73.
Qc8+ Kb6 74. Qb3+ Ka7 75. Qcb7# 1-0

[Event "Early-Titled-Tuesday-Blitz-March-05-2024"]
[Site "Chess.com"]
[Date "2024.03.05"]
[Round "3"]
[White "tandaleo"]
[Black "ChessRespected"]
[Result "1-0"]
[WhiteElo "2469"]
[BlackElo "2607"]
[TimeControl "180+1"]
[EndTime "8:32:42 PST"]
[Termination "tandaleo won by checkmate"]

1. d4 d5 2. Bf4 Nf6 3. e3 c5 4.
Nf3 Nc6 5. Nbd2 g6 6. c3 Nh5 7.
Be5 f6 8. Bg3 cxd4 9. exd4 Nxg3 10. hxg3 Bg7 11. Bd3 O-O 12. Qc2 e5 13. Be2 e4 14. Nh4 f5 15. f4 g5 16. fxg5 Qxg5 17. O-O-O Be6 18. Kb1 Rac8 19. Qb3 Rf7 20. g4 fxg4 21. Nxe4 Qe3 22. Nc5 Qxe2 23. Rde1 Qc4 24. Qxc4 dxc4 25. Nxe6 Re8 26. Ng5 Rxe1+ 27. Rxe1 Re7 28. Rxe7 Nxe7 29. Ne4 Kf7 30. Kc2 Ke6 31. Kd2 Bf6 32. Nxf6 Kxf6 33. g3 h5 34. Ke3 Nd5+ 35. Ke4 Ke6 36. Nf5 Nf6+ 37. Kf4 Nd5+ 38. Kg5 Nf6 39. Ng7+ Kf7 40. Nxh5 Ne4+ 41. Kxg4 Nf2+ 42. Kf5 Nd1 43. g4 Nxb2 44. Ng3 Nd1 45. Ne4 Ne3+ 46. Kf4 Nd5+ 47. Ke5 Ne7 48. Nd6+ Kg6 49. Nxb7 Kg5 50. Nd6 Nc6+ 51. Ke4 Kxg4 52. Nxc4 Kg5 53. Ne5 Na5 54. c4 Kf6 55. c5 Ke7 56. Kd5 Nc6 57.
Nxc6+ Kd7 58. Nxa7 Kc7 59. Nb5+ Kb7 60. c6+ Ka6 61.
c7 Kb7 62. Kd6 Kc8 63. Na7+ Kb7 64. c8=Q+ Kb6 65. Qb8+ Ka6 66. a4 Ka5 67. Qb5# 1-0

[Event "Early-Titled-Tuesday-Blitz-March-05-2024"]
[Site "Chess.com"]
[Date "2024.03.05"]
[Round "3"]
[White "Sharafiev_Azat"]
[Black "IvanSoriano1"]
[Result "1-0"]
[WhiteElo "2435"]
[BlackElo "2567"]
[TimeControl "180+1"]
[EndTime "8:32:43 PST"]
[Termination "Sharafiev_Azat won by resignation"]

1. Nf3 Nf6 2. c4 e6 3. Nc3 d5 4. e3 Be7 5. b3 O-O 6. Bb2 c5 7. cxd5 exd5 8. d4 Nc6 9. Be2 Bg4 10. dxc5 Bxc5 11. O-O a6 12. h3 Bh5 13. Nh4 Bxe2 14. Nxe2 Bd6 15. Nf5 Be5 16. Bxe5 Nxe5 17. Rc1 Qd7 18. Nfd4 Rfe8 19. Nf4 Ne4 20. Rc2 Rac8 21.
Qb1 Rxc2 22. Qxc2 Rc8 23. Qb2 Rc5 24. Rc1 Rxc1+ 25. Qxc1 Nc6 26. Qb2 h6 27. Nh5 f6 28.
Nxc6 Qxc6 29. Nf4 g5 30. Ne2 Kf7 31. Nd4 Qc5 32. Qe2 Kg6 33. Qd1 Qc3 34. Ne2 Qe5 35. Qd3 Qf5 36. f3 Nd6 37. e4 Qe5 38. Qxd5 Qxd5 39.
exd5 Kf5 40. Nc3 Ke5 41. Ne4 Ne8 42. Nc5 b6 43. Nxa6 Kxd5 44. Kf2 Kd4 45. Nb4 Kc3 46.
Nd5+ Kb2 47. Nxb6 Kxa2 48. b4 Kb3 49. Ke3 Kxb4 50. Kd4 Kb5 51. Nd5 Kc6 52. g4 Kd6 53. Ne3 Ke6 54. Nf5 h5 55. Ke4 h4 56. Nd4+ Kf7 57. Kd5 Ke7 58. Nf5+ Kd7 59. Nd4 Nc7+ 60. Ke4 Kd6 61. Kf5 Kd5 62. Ne2 Ne8 63. f4 gxf4 64. Nxf4+ Kd4 65. Nh5 Ke3 66. Nxf6 Nd6+ 67. Kg5 Kd4 68.
Kxh4 Ke5 69. Kg5 Ke6 70. Kg6 Nc4 71. h4 Ne5+ 72. Kg7 Nf3 73. h5 Ke5 74. h6 Ng5 75. h7 Ne6+ 76. Kg8 1-0

[Event "Early-Titled-Tuesday-Blitz-March-05-2024"]
[Site "Chess.com"]
[Date "2024.03.05"]
[Round "3"]
[White "Eliwood44"]
[Black "GoltsevDmitry2000"]
[Result "1/2-1/2"]
[WhiteElo "2510"]
[BlackElo "2705"]
[TimeControl "180+1"]
[EndTime "8:32:44 PST"]
[Termination "Game drawn - insufficient material"]

1. d4 e6 2. c4 b6 3. e4 Bb7 4. d5 exd5 5. exd5 Nf6 6. Nf3 Bc5 7. Qe2+ Be7 8. g3 O-O 9. Bg2 Bb4+ 10. Nc3 Re8 11. Be3 Ng4 12. O-O Bc5 13. Nd1 Nxe3 14. Nxe3 d6 15. Rae1 Nd7 16. Qd2 a5 17. Nc2 Qf6 18. b3 Qb2 19. Rxe8+ Rxe8 20. Re1 Rxe1+ 21. Ncxe1 Qa1 22. Qe2 Kf8 23. h4 Nf6 24. Bh3 c6 25. dxc6 Bxc6 26. Kh2 h6 27. Ng1 d5 28. Bg2 Bd7 29. Bf3 dxc4 30. bxc4 a4 31. Nd3 Bd4 32. Kg2 Be6 33. Nf4 Bf5 34. g4 Bb1 35. g5 hxg5 36.
hxg5 Qxa2 37. gxf6 Qxe2 38. fxg7+ Bxg7 39. Nfxe2 a3 40. Nc1 Bb2 41. Nge2 a2 42. Nxa2 Bxa2 43. Bd5 b5 44.
Nf4 bxc4 45. Kf3 Bb3 46. Ke2 Ke7 47. Ng2 Kd6 48. Ne3 Kc5 49. Bxf7 Kb4 50. Bxc4 Ba4 51.
Bd3 Bd4 52. f4 Kc3 53. Be4 Bb5+ 54. Kf3 Bd7 55. Nd5+ Kd2 56. Nb4 Ba4 57. Nd5 Bd1+ 58. Kg3 Bg7 59. f5 Be5+ 60. Kh4 Be2 61. Kg5 Bc4 62.
f6 Bd6 63. f7 Bxd5 64. Bxd5 Kd3 65. Kf6 Kd4 66. Ke6 Kc5 67. Bc6 Kxc6 68. f8=Q Bxf8 1/2-1/2

[Event "Early-Titled-Tuesday-Blitz-March-05-2024"]
[Site "Chess.com"]
[Date "2024.03.05"]
[Round "3"]
[White "Defenstrator"]
[Black "lucasran"]
[Result "1/2-1/2"]
[WhiteElo "2439"]
[BlackElo "2596"]
[TimeControl "180+1"]
[EndTime "8:32:45 PST"]
[Termination "Game drawn by agreement"]

1. Nf3 Nf6 2. b3 g6 3. Bb2 Bg7 4. e4 d6 5. Bd3 O-O 6. O-O b6 7. Re1 Bb7 8. Nc3 Nbd7 9. Rb1 e5 10. Bf1 Nc5 11. d3 a5 12. a3 Re8 13. b4 axb4 14. axb4 Na4 15. Nxa4 Rxa4 16. d4 Rxb4 17. c3 Rxb2 18. Rxb2 Nxe4 19. Qb3 Ng5 20. Nxg5 Qxg5 21. f3 Bxf3 22. Rf2 Bc6 23. Qxf7+ Kh8 24. Qxc7 Bd5 25. Qxd6 Rd8 26. Qxb6 exd4 27. cxd4 Ba8 28. Kh1 Bxd4 29.
Re8+ Rxe8 30. Qxd4+ Qe5 31. Rf8+ Kg7 32. Qxe5+ Rxe5 33. Rxa8 Re1 34. Kg1 h5 35. Kf2 Re6 36. Bd3 Rf6+ 37.
Ke2 Kh6 38. h4 Re6+ 39. Kf2 Rf6+ 40. Kg3 Rd6 41. Be4 Re6 42. Bf3 Rd6 43. Ra5 Re6 44. Kh3 Rd6 45. Rg5 Re6 46. Bd1 Rb6 47. Bc2 Rc6 48. Be4 Re6 49. Bd5 Rd6 50. Bf7 Rf6 51.
Be8 Re6 52. Bxg6 Rxg6 53. Rxg6+ Kxg6 54. Kg3 Kf5 55. Kf3 Ke5 56. Ke3 Kf5 57. g3 Kg4 58. Kf2 Kf5 59. Kf3 Ke5 60. Ke3 Kf5 61. Ke2 Kg4 62.
Kf2 Kf5 63. Kg1 Kg4 64. Kh2 Kf5 65. Kh3 Ke5 66. g4 hxg4+ 67. Kxg4 Kf6 1/2-1/2